 Dungeon Crawl Stone Soup version 0.31.0-11-ge490571c62 (webtiles) character file.

Game seed: 6958953761235191639

57 qw the Shooter (level 3, -2/19 HPs)
             Began as a Spriggan Hunter on Feb 4, 2024.
             Slain by Jessica
             ... wielding a +0 dagger
              (6 damage)
             ... on level 2 of the Dungeon.
             The game lasted 00:00:02 (727 turns).

qw the Shooter (Spriggan Hunter)                     Turns: 727, Time: 00:00:03

Health: -2/19      AC:  2    Str:  7    XL:     3   Next: 73%
Magic:  4/4        EV: 19    Int: 10    God:
Gold:   92         SH:  0    Dex: 20    Spells: 2/2 levels left

rFire   . . .        a - +0 shortbow
rCold   . . .        (shield currently unavailable)
rNeg    . . .        c - +0 robe
rPois   .            (helmet restricted)
rElec   .            (no cloak)
rCorr   .            (gloves unavailable)
SInv    +            (boots unavailable)
Will    .....        (no amulet)
Stlth   ++           (no ring)
HPRegen 0.23/turn    (no ring)
MPRegen 0.09/turn

%: no passive effects
@: very quick
A: very small, no large weapons, unfitting armour, see invisible, speed 3,
robust 1, MP-powered wands
a: no special abilities


You were on level 2 of the Dungeon.
You visited 1 branch of the dungeon, and saw 2 of its levels.

You collected 92 gold pieces.


Innate Abilities, Weirdness & Mutations

You are very small and have problems with some larger weapons.
You are too small for most types of armour.
You have supernaturally acute eyesight. (SInv)
You cover ground extremely quickly. (Speed+++)
You are robust. (+10% HP)
You expend magic power (3 MP) to strengthen your wands.


   Skills:
 - Level 1.5 Fighting
 + Level 4.9 Ranged Weapons
 - Level 4.0 Dodging
 - Level 1.5 Stealth


You had 2 spell levels left.
You didn't know any spells.
Your spell library was empty.

Inventory:

Hand Weapons
 a - a +0 shortbow (weapon)
Armour
 c - a +0 robe (worn)
Jewellery
 h - a ring of ice
Potions
 d - a potion of degeneration {unknown}
 e - a potion of resistance
 f - a potion of curing
 j - a potion of mutation
 k - a potion of ambrosia {unknown}
 l - a potion of heal wounds {unknown}

Dungeon Overview and Level Annotations

Branches:
Dungeon (2/15)

Altars:

Annotations:
D:2 Jessica


Message History

The rat squeaks loudly.
The arrow hits the endoplasm but does no damage.
The endoplasm is almost dead.
The goblin completely misses you. The endoplasm freezes you.
You are frozen.
Robin roars a battlecry!
The goblins go into a battle-frenzy!
Jessica mumbles something strange.
Jessica gestures wildly while chanting.
Jessica blinks!
You shoot an arrow. The arrow hits the endoplasm!
You kill the endoplasm!
Jessica gestures at you while chanting. Pain shoots through your body!
The goblin hits you with a +0 dagger.
You shoot an arrow.
The arrow hits Robin but does no damage.
The goblin misses you. Robin misses you.
You shoot an arrow. The arrow hits Robin.
Robin is lightly wounded.
The goblin closely misses you. Robin misses you.
You shoot an arrow. The arrow hits Robin.
Robin is moderately wounded.
The goblin misses you. Robin closely misses you.
Jessica gestures wildly while chanting.
Jessica blinks!
You shoot an arrow. The arrow hits Robin.
Robin is heavily wounded.
The goblin hits you but does no damage. The goblin closely misses you.
You shoot an arrow. The arrow hits Robin!
Robin is almost dead.
The goblin completely misses you.
You shoot an arrow. The arrow hits Robin!
You kill Robin!
Jessica hits you with a +0 dagger. The goblin hits you with a +0 dagger.
You shoot an arrow. The arrow closely misses Jessica.
The arrow hits the goblin!
You kill the goblin!
Jessica barely misses you. The goblin misses you.
Jessica hits you with a +0 dagger.
You die...

. #. #.. ....
.)).. #####
......#####...#
#r@@g.....#
#.#####...# #
##.## #.# #.#
#<# #.# #.# #.#


You could see Jessica (fast), a goblin (strong) and a rat.

Vanquished Creatures
  Robin (D:2)
  2 ball pythons (D:1)
  3 endoplasms
  A giant cockroach (D:1)
  12 goblins
  4 hobgoblins (D:1)
  3 jackals (D:1)
  4 kobolds (D:1)
  A quokka (D:1)
  5 bats (D:1)
  3 rats
39 creatures vanquished.

Notes
Turn   | Place    | Note
-------+----------+-------------------------------------------
     0 | D:1      | qw the Spriggan Hunter began the quest for the Orb.
     0 | D:1      | Reached XP level 1. HP: 10/10 MP: 2/2
     0 | D:1      | 0 ||| qw: Version: 0.3-a-160-g6735b56
     0 | D:1      | 0 ||| qw: Game counter: 4798
     0 | D:1      | 0 ||| qw: Melee chars always use a shield: true
     0 | D:1      | 0 ||| qw: God list: Okawaru
     0 | D:1      | 0 ||| qw: Allow faded altars: false
     0 | D:1      | 0 ||| qw: Do Orc after clearing Dungeon:15 true
     0 | D:1      | 0 ||| qw: Do second Lair branch before Depths: true
     0 | D:1      | 0 ||| qw: Lair rune preference: random
     0 | D:1      | 0 ||| qw: Goals: Normal
     0 | D:1      | 0 ||| PLANNING D:1-11
    39 | D:1      | Reached skill level 3 in Dodging
   134 | D:1      | Reached XP level 2. HP: 14/14 MP: 3/3
   572 | D:1      | Reached XP level 3. HP: 18/18 MP: 4/4
   624 | D:1      | 624 ||| READING scroll labelled FAHEYSU GISONO.
   625 | D:1      | 625 ||| READING scroll labelled ROBABR SUEGIS.
   626 | D:1      | 626 ||| DRINKING 2 smoky grey potions.
   627 | D:1      | 627 ||| DRINKING 2 pink potions.
   628 | D:1      | 628 ||| DRINKING 2 metallic green potions.
   628 | D:1      | Gained mutation: You expend magic power (3 MP) to
                  | strengthen your wands. [potion of mutation]
   628 | D:1      | Gained mutation: You are robust. (+10% HP) [potion of
                  | mutation]
   630 | D:1      | 630 ||| DROPPING scroll of butterflies.
   708 | D:2      | Noticed Robin
   711 | D:2      | Noticed Jessica
   726 | D:2      | Killed Robin
   726 | D:2      | HP: 3/19 [goblin/+0 dagger[Robin] (6)]
   727 | D:2      | Slain by Jessica

Levels and vault maps discovered:
D:1:      saegor_arrival_simple_a, layout_basic
D:2:      layout_loops_ring, uniq_robin, uniq_jessica

Skill      XL: |  1  2 |
---------------+-------+-----
Dodging        | 3 4 |  4.0
Fighting       | |  1.5
Ranged Weapons | |  4.9
Stealth        | |  1.5

Action                     || total
---------------------------++-------
   Fire: Shortbow          ||   102
    Use: Potion            ||     3
         Scroll            ||     2
 Armour: Robe              ||    15
  Dodge: Dodged            ||    63

Table legend:
 A = Non-vault XP
 B = Vault XP
 C = Vault XP percentage of total XP
 D = Non-vault monster count
 E = Vault monster count
 F = Vault count percentage of total count
                 A         B        C        D         E       F
            +---------+---------+-------+---------+---------+-------
      Total |      50 |      34 |  40.5 |      29 |      10 |  25.6
            +---------+---------+-------+---------+---------+-------
        D:1 |      47 |       0 |   0.0 |      27 |       0 |   0.0
        D:2 |       3 |      34 |  91.9 |       2 |      10 |  83.3
            +---------+---------+-------+---------+---------+-------
